 Dungeon Crawl Stone Soup version 0.29-a0-872-g797fff5ad1 (webtiles) character file.

Game seed: 18425676841111436754

37 raph the Digger (level 3, -2/27 HPs)
             Began as a Meteoran Earth Elementalist on July 18, 2022.
             Slain by an orc
             ... wielding a +0 short sword of flaming
              (5 damage)
             ... on level 2 of the Dungeon.
             The game lasted 00:01:38 (822 turns).

raph the Digger (Meteoran Earth Elementalist)        Turns: 822, Time: 00:01:39

Health: -2/27      AC:  2    Str: 10    XL:     3   Next: 85%
Magic:  3/8        EV: 12    Int: 18    God:
Gold:   39         SH:  0    Dex: 14    Spells: 2/8 levels left

rFire   . . .      SeeInvis .   d - +3 short sword
rCold   . . .      Faith    .   (no shield)
rNeg    . . .      Spirit   .   a - +0 robe
rPois   .          Reflect  .   (no helmet)
rElec   .          Harm     .   (no cloak)
rCorr   .          Rampage  .   (no gloves)
Will    .....                   (no boots)
Stlth   +.........              (no amulet)
HPRegen 0.09/turn               (no ring)
MPRegen 0.11/turn               (no ring)

@: glowing
A: sense surroundings 1, otherworldly, glowing, explore regen
a: no special abilities


You were on level 2 of the Dungeon.
You visited 1 branch of the dungeon, and saw 2 of its levels.

You collected 39 gold pieces.

Inventory:

Hand Weapons
 d - a +3 short sword (weapon)
Missiles
 g - 2 throwing nets
Armour
 a - a +0 robe (worn)
Jewellery
 c - an amulet of the acrobat
Potions
 b - a potion of magic
 e - a potion of lignification {unknown}
 f - a potion of attraction {unknown}


   Skills:
 + Level 0.7 Fighting
 + Level 2.8 Dodging
 + Level 1.7 Stealth
 + Level 3.0 Spellcasting
 * Level 1.2 Conjurations
 - Level 1.2 Transmutations
 * Level 4.1 Earth Magic


You had 2 spell levels left.
You knew the following spells:

 Your Spells              Type           Power      Damage    Failure   Level
a - Sandblast             Erth           34%        2d9       3%          1
b - Passwall              Tmut/Erth      10%        N/A       9%          2
c - Stone Arrow           Conj/Erth      24%        3d8       16%         3

Your spell library contained the following spells:

 Spells                   Type           Power      Damage    Failure   Level
 Call Canine Familiar     Summ           2%         N/A       43%         3
 Portal Projectile        Hex/Tloc       4%         N/A       43%         3
 Petrify                  Tmut/Erth      12%        N/A       47%         4
 Leda's Liquefaction      Hex/Erth       5%         N/A       56%         4


Dungeon Overview and Level Annotations

Branches:
Dungeon (2/15) Zot: 342

Altars:


Innate Abilities, Weirdness & Mutations

You passively map a small area around you.
You are easily found by Zot.
You glow in the dark.
You regain HP and MP as you explore.


Message History

The orc wizard barely misses you. x2
Aiming: Sandblast (safe; 3% risk of failure)
Press: ? - help, Q - select action, (/) - cycle Shift-Dir - straight line, f/p - orc wizard
Aim: an orc wizard, wielding a +0 dagger and wearing a +0 robe (heavily wounded, 74% to hit)
The blast of sand hits the orc wizard.
The orc wizard is severely wounded.
The orc wizard casts a spell at you.
You are confused.
The orc wizard completely misses you.
You're too confused to cast spells.
You're too confused to move!
The orc wizard hits you with a +0 dagger.
You are too confused!
You are too confused!
You are too confused!
Okay, then.
The orc wizard casts a spell at you. The magic dart hits you!
You bump into the rock wall.
You bump into the rock wall.
The orc wizard points at you and mumbles some strange words.
The puff of flame hits you!
* * * LOW HITPOINT WARNING * * *
The orc hits you with a +0 short sword of flaming.
* * * LOW HITPOINT WARNING * * *
The orc burns you.
* * * LOW HITPOINT WARNING * * *
You're too confused to move!
You feel less confused.
The orc suddenly curses.
The orc wizard hits you with a +0 dagger.
* * * LOW HITPOINT WARNING * * *
The orc closely misses you.
Aiming: Sandblast (safe; 3% risk of failure)
Press: ? - help, Q - select action, (/) - cycle Shift-Dir - straight line, f/p - orc wizard
Aim: an orc wizard, wielding a +0 dagger and wearing a +0 robe (severely wounded, 74% to hit)
The blast of sand hits the orc wizard!
You kill the orc wizard!
The orc hits you with a +0 short sword of flaming.
You die...

,, #.# , , , #.# * #.#
, , * *##### #.# *, *
* ......####.# ,,
........o..# ,
#.......#..# ,
#.....w.#oo# ,
#..#.......#.@# ,
#..#.......#..# , ,
#..#.......#..# *,
,#..#.......#..#
#..#.......#..# ,
*#..##.ooo. #..#
####..###ooo###..#
.......#######...# * *
####.............###.,
,


You could see an orc priest and 2 orcs.

Vanquished Creatures
  An orc wizard (D:2)
  A gnoll (D:1)
  A worm (D:2)
  An orc (D:2)
  3 bats
  2 giant cockroaches (D:1)
  A goblin (D:1)
  A hobgoblin (D:1)
  2 jackals (D:2)
  2 quokkas (D:2)
  4 kobolds
  6 rats
25 creatures vanquished.

Notes
Turn   | Place    | Note
-------+----------+-------------------------------------------
     0 | D:1      | raph the Meteoran Earth Elementalist began the quest for
                  | the Orb.
     0 | D:1      | Reached XP level 1. HP: 14/14 MP: 5/5
   240 | D:1      | Reached XP level 2. HP: 20/20 MP: 6/6
   257 | D:1      | Reached skill level 4 in Earth Magic
   257 | D:1      | Reached XP level 3. HP: 6/27 MP: 5/8
   284 | D:1      | Learned a level 2 spell: Passwall
   288 | D:1      | Learned a level 3 spell: Stone Arrow
   492 | D:1      | Glimpsed the power of Zot.
   664 | D:2      | Reached skill level 1 in Conjurations
   822 | D:2      | Slain by an orc

Illustrated notes

Levels and vault maps discovered:
D:1:      lightli_arrival_flooded_house, layout_loops_ring,
          minmay_misc_feat_ornament
D:2:      cheibrodos_pilgrimage, layout_basic, roderic_lattice_a,
          kennysheep_generic_room_5

Skill      XL: |  1  2  3 |
---------------+----------+-----
Earth Magic    | 4 |  4.1
Spellcasting   | 3 |  3.0
Conjurations   | 1 |  1.2
Fighting       | |  0.7
Dodging        | |  2.8
Stealth        | |  1.7
Transmutations | |  1.2

Action                   || total
-------------------------++-------
Melee: Short sword       ||    19
 Cast: Sandblast         ||    32
  Use: Scroll            ||     2
Armor: Robe              ||    13
Dodge: Dodged            ||    26

Table legend: (Time is in decaauts)
 A = Elapsed time spent in this place.
 B = Non-inter-level travel time spent in this place.
 C = Inter-level travel time spent in this place.
 D = Time resting spent in this place.
 E = Time spent auto-exploring this place.
 F = Levels seen in this place.
 G = Mean time per level.
                   A        B        C        D        E       F      G
               +--------+--------+--------+--------+--------+-----+--------+
         Total |    855 |    837 |     18 |    224 |    400 |   2 |  427.5 |
       Dungeon |    855 |    837 |     18 |    224 |    400 |   2 |  427.5 |
               +--------+--------+--------+--------+--------+-----+--------+

Top non-repeatable levels by time:
     D:1: 521 daAuts
     D:2: 333 daAuts
